cohdb
Replays
Latest Replays
All Replays
Popular Replays
Top Player Replays
Match Explorer
How It Works
Community
CoH3 Stats
Reddit
Sign in to upload your games and track your stats! →
Sign in with Steam
Match 45541307
Unlisted
Match 45541307
Overview
Messages
Build Orders
End
Scout Squad
Construct Barracks
Selects Armored Battlegroup
1⁄4-ton 4x4 Truck
Selects Veteran Crews
Riflemen Squad
Riflemen Squad
Infantry Support Center
Riflemen Squad
Construct Motor Pool
Selects Fast Deploy
Selects Seek and Destroy
M24 Chaffee Light Tank
Engineer Squad
Construct Medical Station
M8 Greyhound Armored Car
M1 Anti-tank Gun Team
Selects M4A3E8 Sherman Combat Group
M4A3E8 Sherman Combat Group
Grenade Package
Selects M31 Recovery Vehicle
Selects War Machine
M4A3E8 Sherman Combat Group
alexhg127
Mael Radec
0
0
Comments
sign in to comment!
No comments posted yet!